 Dungeon Crawl Stone Soup version 0.20-a0-855-gd83b866 (webtiles) character file.

807 JeffiDaFish the Shield-Bearer (level 7, -9/42 HPs)
             Began as a Gargoyle Earth Elementalist on Mar 12, 2017.
             Mangled by an ogre
             ... wielding a +0 giant club
              (24 damage)
             ... on level 4 of the Dungeon.
             The game lasted 00:16:06 (3697 turns).

JeffiDaFish the Shield-Bearer (GrEE)                Turns: 3697, Time: 00:16:07

Health: -9/42      AC: 12    Str: 11    XL:     7   Next: 92%
Magic:  0/20       EV: 11    Int: 16    God:
Gold:   192        SH:  5    Dex: 10    Spells: 4/12 levels left

rFire    . . .     SeeInvis .   j - +2 mace (crush)
rCold    . . .     Gourm    .   g - +0 leather armour
rNeg     + . .     Faith    .   k - +0 buckler
rPois    ∞         Spirit   .   (no helmet)
rElec    +         Reflect  .   (no cloak)
rCorr    .         Harm     .   m - +2 pair of gloves
MR       .....     Clarity  +   (no boots)
Stlth    ++........             (no amulet)
Regen    0.2/turn               (no ring)
MPRegen  0.2/turn               l - ring of magical power

@: marked, very slightly contaminated
A: icy blue scales 1, clarity, clumsy 1, negative energy resistance 1,
electricity resistance, unbreathing, petrification resistance, rot immunity, AC
+4
a: no special abilities


You were on level 4 of the Dungeon.
You were near starving.

You visited 1 branch of the dungeon, and saw 5 of its levels.

You collected 192 gold pieces.

Inventory:

Hand Weapons
 j - a +2 mace of crushing (weapon)
Missiles
 b - 45 stones (quivered)
Armour
 g - a +0 leather armour (worn)
 i - a +0 ring mail
 k - a +0 buckler (worn)
 m - a +2 pair of gloves (worn)
Jewellery
 l - a ring of magical power (left hand)
Scrolls
 n - 3 scrolls of identify
 o - a scroll of teleportation
Books
 e - a book of Geomancy

   Spells                             Type                      Level
   a - Sandblast                      Earth                        1
   b - Passwall                       Transmutation/Earth          2
   c - Stone Arrow                    Conjuration/Earth            3
   d - Petrify                        Transmutation/Earth          4
   e - Lee's Rapid Deconstruction     Earth                        5
Comestibles
 a - a royal jelly
 c - 3 chunks of flesh
 d - 4 bread rations
 f - a fruit
 h - 2 meat rations


   Skills:
 + Level 3.8 Fighting
 + Level 3.1 Maces & Flails
 - Level 0.9 Armour
 - Level 1.7 Dodging
 - Level 2.6 Stealth
 - Level 5.2 Shields
 * Level 3.0 Spellcasting
 + Level 1.0 Conjurations
 + Level 1.0 Transmutations
 * Level 5.1 Earth Magic


You had 4 spell levels left.
You knew the following spells:

 Your Spells              Type           Power        Failure   Level  Hunger
a - Sandblast             Erth           ###...       3%          1    #......
b - Stone Arrow           Conj/Erth      ##....       24%         3    ###....
c - Petrify               Tmut/Erth      ##......     78%         4    #####..


Dungeon Overview and Level Annotations

Branches:
Dungeon (5/15)
 Temple: D:4-7

Altars:
Ashenzari
Hepliaklqana
Nemelex Xobeh
Okawaru
Ru
Trog
Yredelemnul
Zin


Innate Abilities, Weirdness & Mutations

You are resistant to torment.
Your stone body is resilient. (AC +4)
You are immune to poison.
You resist negative energy. (rN+)
You are resistant to electric shocks. (rElec)
You can survive without breathing.
You are immune to petrification.
You are immune to rotting.
You are partially covered in icy blue scales. (AC +2)
You possess an exceptional clarity of mind.
You are clumsy. (Dex -2)


Message History

Aiming: Sandblast
Press: ? - help, Shift-Dir - straight line, f/p - ogre
Aim: an ogre, wielding a giant club (severely wounded)
The blast of sand hits the ogre.
The ogre is almost dead.
b - 46 stones
Casting: Sandblast
Confirm with . or Enter, or press ? or * to list all spells.
Aiming: Sandblast
Press: ? - help, Shift-Dir - straight line, f/p - ogre
Aim: an ogre, wielding a giant club (almost dead)
The blast of sand hits the ogre.
The ogre is almost dead.
b - 45 stones The ogre hits you with a giant club.
You barely miss the ogre.
The ogre is almost dead.
The ogre hits you with a giant club!!
Ouch! That really hurt!
You die...

#.# #.# ######## #.#
#......# ##.####
#......# #......
#......###########.....
#......'...............
#......###########.####
######@# #........##
#O# #........##
######'## #........##
#.......# #..........
#.......# ######+##.#
#.......##########.##.#
#.....>................
#.################<....
#.## ##.##.#


You could see an ogre.

Vanquished Creatures
  A human (D:4)
  2 phantoms
  A howler monkey (D:4)
  A jelly (D:5)
  2 bullfrog skeletons (D:4)
  An orc priest (D:4)
  A human skeleton (D:4)
  An iguana (D:4)
  Terence (D:1)
  2 orc wizards
  2 worker ants
  6 adders
  A gnoll (D:1)
  A worm (D:2)
  2 dart slugs (D:1)
  3 leopard geckos
  12 orcs
  2 bats
  3 giant cockroaches
  10 goblins
  6 hobgoblins
  4 jackals (D:2)
  2 quokkas
  A ball python (D:1)
  3 frilled lizards
  6 kobolds
  5 rats
82 creatures vanquished.

Notes
Turn   | Place    | Note
-------+----------+-------------------------------------------
     0 | D:1      | JeffiDaFish the Gargoyle Earth Elementalist began the quest for the Orb.
     0 | D:1      | Reached XP level 1. HP: 10/10 MP: 3/3
    60 | D:1      | Reached XP level 2. HP: 7/15 MP: 0/5
   487 | D:1      | Reached XP level 3. HP: 19/19 MP: 4/6
   492 | D:1      | Learned a level 3 spell: Stone Arrow
  1160 | D:2      | Noticed Terence
  1220 | D:1      | Killed Terence
  1220 | D:1      | Reached XP level 4. HP: 6/24 MP: 0/7
  1457 | D:2      | Learned a level 4 spell: Petrify
  1673 | D:2      | Found a basalt altar of Yredelemnul.
  1673 | D:2      | Found a sparkling altar of Nemelex Xobeh.
  1673 | D:2      | Found a hazy altar of Hepliaklqana.
  1673 | D:2      | Found a shattered altar of Ashenzari.
  1679 | D:2      | Found a bloodstained altar of Trog.
  1689 | D:2      | Found a glowing silver altar of Zin.
  1899 | D:2      | Found a shattered altar of Ashenzari.
  1903 | D:2      | Saw a vision of the Shoals and the Spider Nest.
  1903 | D:2      | Noticed a wolf spider
  1903 | D:2      | Noticed a sea snake
  1903 | D:2      | Noticed a redback
  1903 | D:2      | Noticed a wolf spider
  1903 | D:2      | Noticed a wolf spider
  1903 | D:2      | Noticed a centaur
  1905 | D:2      | Noticed a merfolk siren
  1906 | D:2      | Noticed a merfolk
  1928 | D:2      | Reached skill level 1 in Shields
  2141 | D:3      | Found an iron altar of Okawaru.
  2270 | D:3      | Noticed a phantom
  2316 | D:3      | Killed a phantom
  2316 | D:3      | Reached skill level 1 in Fighting
  2316 | D:3      | Reached skill level 1 in Maces & Flails
  2316 | D:3      | Reached XP level 5. HP: 30/30 MP: 1/9
  2415 | D:3      | Reached XP level 6. HP: 21/35 MP: 8/10
  2505 | D:3      | Found a sacrificial altar of Ru.
  3038 | D:4      | Reached XP level 7. HP: 35/41 MP: 11/11
  3259 | D:4      | Found a runed door.
  3259 | D:4      | Noticed a human
  3266 | D:4      | Gained mutation: You are clumsy. (Dex -2) [potion of mutation]
  3266 | D:4      | Gained mutation: You possess an exceptional clarity of mind. [potion of mutation]
  3266 | D:4      | Gained mutation: You are partially covered in icy blue scales. (AC +2) [potion of mutation]
  3267 | D:4      | Found a basalt altar of Yredelemnul.
  3287 | D:4      | Killed a human
  3287 | D:4      | Reached skill level 5 in Shields
  3566 | D:4      | Reached skill level 1 in Conjurations
  3566 | D:4      | Reached skill level 1 in Transmutations
  3645 | D:5      | Entered Level 5 of the Dungeon
  3656 | D:5      | Reached skill level 5 in Earth Magic
  3697 | D:4      | Mangled by an ogre

Vault maps used:
D:1:      sevenhm_arrival_forest_fort_small_3, minmay_tetromino_s4
D:2:      minmay_overflow_temple_hex, first_bread, grunt_ashenzari_visionary,
          uniq_terence
D:3:      okawaru_trees_2, nicolae_ru_great_annihilating_truth,
          hangedman_decor_slide_cut, minmay_close_crescents
D:4:      hex_tiny, dk_yredelemnul_ordeal
D:5:      minmay_temple_entry_junction, uniq_grinder, uniq_crazy_yiuf_cottage

Skill      XL: |  1  2  3  4  5  6  7 |
---------------+----------------------+-----
Earth Magic    | 4 5 |  5.1
Shields        | 2 3 4 5 |  5.2
Fighting       | 1 2 3 |  3.8
Maces & Flails | 1 2 3 |  3.1
Conjurations   | 1 |  1.0
Transmutations | 1 |  1.0
Spellcasting   | 3 |  3.0
Armour         | |  0.9
Dodging        | |  1.7
Stealth        | |  2.6

Action                   |  1- 3 |  4- 6 |  7- 9 || total
-------------------------+-------+-------+-------++-------
Melee: Mace              |    37 |   138 |    30 ||   205
 Cast: Sandblast         |    21 |     4 |     6 ||    31
       Stone Arrow       |     3 |    19 |    19 ||    41
  Use: Scroll            |     4 |     3 |     1 ||     8
       Potion            |     3 |     4 |     2 ||     9
 Stab: Sleeping          |     1 |     3 |       ||     4
       Paralysed         |       |     1 |       ||     1
  Eat: Chunk             |     1 |     9 |     3 ||    13
       Fruit             |       |       |     1 ||     1
Armor: Leather armour    |    13 |    60 |     8 ||    81
       Robe              |     1 |       |       ||     1
Dodge: Dodged            |    22 |    75 |    22 ||   119
Block: Buckler           |       |    30 |     6 ||    36
